 Dungeon Crawl Stone Soup version 0.23-a0-182-g58cdd98f8d (webtiles) character file.

32 PikkenKukken the Shield-Bearer (level 3, -3/33 HPs)
             Began as a Deep Dwarf Fighter on Sept 20, 2018.
             Slain by Sigmund
             ... wielding a +0 scythe
              (9 damage)
             ... on level 2 of the Dungeon.
             The game lasted 00:01:38 (1066 turns).

PikkenKukken the Shield-Bearer (Deep Dwarf Fighter) Turns: 1066, Time: 00:01:38

Health: -3/33      AC:  6    Str: 25    XL:     3   Next: 8%
Magic:  3/3        EV:  8    Int:  8    God:
Gold:   35         SH: 11    Dex: 12    Spells: 2/2 levels left

rFire    . . .     SeeInvis .   a - +1 long sword
rCold    . . .     Gourm    .   c - +1 shield
rNeg     . . .     Faith    .   b - +0 scale mail
rPois    .         Spirit   .   (no helmet)
rElec    .         Reflect  .   (no cloak)
rCorr    .         Harm     .   (no gloves)
MR       .....                  (no boots)
Stlth    ..........             (no amulet)
HPRegen  0.00/turn              (no ring)
MPRegen  0.08/turn              (no ring)

@: mighty, non-regenerating
A: damage resistance, heal wounds, sense surroundings 1, no regeneration
a: Heal Wounds


You were on level 2 of the Dungeon.
You were hungry.

You visited 1 branch of the dungeon, and saw 2 of its levels.

You collected 35 gold pieces.

Inventory:

Hand Weapons
 a - a +1 long sword (weapon)
Armour
 b - a +0 scale mail (worn)
 c - a +1 shield (worn)
Potions
 h - a potion of agility
 i - a potion of brilliance
Comestibles
 f - a ration


   Skills:
 + Level 2.9 Fighting
 * Level 2.6 Long Blades
 + Level 3.5 Armour
 + Level 0.7 Dodging
 + Level 3.5 Shields


You had 2 spell levels left.
You didn't know any spells.
Your spell library was empty.

Dungeon Overview and Level Annotations

Branches:
Dungeon (2/15)

Altars:

Annotations:
D:2 Robin, Sigmund


Innate Abilities, Weirdness & Mutations

You are resistant to damage.
You can heal yourself by infusing magical energy.
You passively map a small area around you.
You do not regenerate.


Message History

You slash something! You block the goblin's attack.
Robin hits you from afar with a vampiric spear.
Something hits you!
* * * LOW HITPOINT WARNING * * *
Unknown command.
Your shield and scale mail prevent you from hitting something.
You block Robin's attack. The goblin closely misses you.
Unknown command.
Your shield and scale mail prevent you from hitting something.
Something hits you but does no damage. Robin hits you but does no damage.
The goblin hits you but does no damage. You block Robin's attack.
You miss something. The goblin barely misses you.
You riposte.
You closely miss the goblin. Something hits you but does no damage.
Robin barely misses you. You block the goblin's attack.
You completely miss something.
You hear some strange, mumbled words.
Something tries to affect you, but you resist.
Robin hits you but does no damage. The goblin barely misses you.
Robin hits you but does no damage. Something hits you!
You die...

, * , ⌠, , , ,* ..
,, , * #. * , * **
.. ##** , * .#
,... , , , .#*...#
* ##.#....# ,,
####).....#* ,#,
#.<(@{....# ,
#.#K.###.).g...###
* #........g####.#
* g.........# ,# ,
.......#..# * * ,
, ...$.#.#..#* , *
, .....#.#... , ,
, .... ....###* ,
, ... ....# * , ,


You could see Robin and a goblin.

Vanquished Creatures
  An ooze (D:1)
  A dart slug (D:2)
  12 goblins
  2 hobgoblins
  3 bats (D:1)
  2 frilled lizards
  2 kobolds
  2 rats (D:1)
25 creatures vanquished.

Notes
Turn   | Place    | Note
-------+----------+-------------------------------------------
     0 | D:1      | PikkenKukken the Deep Dwarf Fighter began the quest for the
                  | Orb.
     0 | D:1      | Reached XP level 1. HP: 20/20 MP: 1/1
   404 | D:1      | Reached XP level 2. HP: 27/27 MP: 2/2
  1024 | D:2      | Noticed Robin
  1046 | D:2      | Noticed Sigmund
  1054 | D:2      | Reached XP level 3. HP: 29/33 MP: 3/3
  1066 | D:2      | Slain by Sigmund

Vault maps used:
D:1:      evilmike_arrival_hilbert_curve
D:2:      nicolae_overflow_crystal_walls, gammafunk_temple_overflow_pools,
          chequers_ecumenical_altar_simple, uniq_sigmund, uniq_robin

Action                   || total
-------------------------++-------
Melee: Long sword        ||    60
 Abil: Heal Wounds       ||     2
  Use: Scroll            ||     9
       Potion            ||     1
Armor: Scale mail        ||    56
Dodge: Dodged            ||    55
Block: Shield            ||    85
       Rpst.: Long sword ||    14

Table legend:
 A = Non-vault XP
 B = Vault XP
 C = Vault XP percentage of total XP
 D = Non-vault monster count
 E = Vault monster count
 F = Vault count percentage of total count
                 A         B        C        D         E       F
            +---------+---------+-------+---------+---------+-------
      Total |      28 |      18 |  39.1 |      15 |      10 |  40.0
            +---------+---------+-------+---------+---------+-------
        D:1 |      20 |       0 |   0.0 |      11 |       0 |   0.0
        D:2 |       8 |      18 |  69.2 |       4 |      10 |  71.4
            +---------+---------+-------+---------+---------+-------
